 Dungeon Crawl Stone Soup version 0.23.0-3-gf3c87f2df8 (webtiles) character file.

Game seed: 5633047595848637231

5756 Raymar the Destroyer (level 10, 0/50 HPs)
             Began as a Gargoyle Wizard on Feb 20, 2019.
             Was an Elder of Sif Muna.
             Slain by a wyvern (9 damage)
             ... on level 9 of the Dungeon on Feb 21, 2019.
             The game lasted 00:35:50 (10031 turns).

Raymar the Destroyer (Gargoyle Wizard)             Turns: 10031, Time: 00:35:51

Health: 0/50       AC: 16    Str: 11    XL:     10   Next: 78%
Magic:  0/24       EV: 12    Int: 22    God:    Sif Muna [****..]
Gold:   145        SH:  2    Dex:  8    Spells: 8/29 levels left

rFire    . . .     SeeInvis .   s - +1 flail (protect)
rCold    . . .     Gourm    .   (no shield)
rNeg     + . .     Faith    .   a - +0 robe
rPois    ∞         Spirit   .   D - +2 hat
rElec    +         Reflect  +   r - +0 cloak
rCorr    .         Harm     .   b - +0 pair of gloves
MR       .....                  g - +2 pair of boots {Fly}
Stlth    +++.......             B - +2 amulet of reflection
HPRegen  0.16/turn              h - ring of stealth
MPRegen  0.19/turn              (no ring)

@: flying, very slightly contaminated
A: negative energy resistance 1, electricity resistance, unbreathing,
petrification resistance, rot immunity, AC +7
a: Divine Energy, Channel Magic, Forget Spell, Renounce Religion, Stop Flying


You were on level 9 of the Dungeon.
You worshipped Sif Muna.
Sif Muna was greatly pleased with you.
You were hungry.

You visited 2 branches of the dungeon, and saw 10 of its levels.
You also visited: Ossuary.

You collected 496 gold pieces.
You spent 351 gold pieces at shops.

Inventory:

Hand Weapons
 s - a +1 flail of protection (weapon)
Armour
 a - a +0 robe (worn)
 b - a +0 pair of gloves (worn)
 g - a +2 pair of boots of flying (worn)
 r - a +0 cloak (worn)
 D - a +2 hat (worn)
Jewellery
 h - a ring of stealth (left hand)
 y - a +3 ring of dexterity
 B - a +2 amulet of reflection (around neck)
Wands
 e - a wand of iceblast (6)
 k - a wand of random effects (39)
 t - a wand of clouds (1)
 v - a wand of digging (15)
 C - a wand of polymorph (11)
 E - a wand of acid (3)
Scrolls
 f - 4 scrolls of fog
 i - 2 scrolls of teleportation
 q - 9 scrolls of remove curse
 w - 2 scrolls of amnesia
 x - 2 scrolls of enchant armour
Potions
 c - 2 potions of might
 j - 4 potions of heal wounds
 m - 3 potions of flight
 n - a potion of invisibility
 o - a potion of agility
 p - a potion of berserk rage
 u - a potion of magic {unknown}
 z - 3 potions of curing
 A - 2 potions of haste
Comestibles
 d - 16 rations


   Skills:
   Level 2.4 Axes
 - Level 0.3 Throwing
 - Level 1.7 Dodging
 - Level 2.2 Stealth
 + Level 10.0 Spellcasting
 + Level 10.3 Conjurations
 * Level 3.9 Summonings
 + Level 0.8 Translocations
 + Level 2.7 Air Magic
 + Level 2.5 Poison Magic
 + Level 0.5 Evocations


You had 8 spell levels left.
You knew the following spells:

 Your Spells              Type           Power        Failure   Level  Hunger
a - Magic Dart            Conj           ####         1%          1    None
b - Call Imp              Summ           ####....     1%          2    None
c - Mephitic Cloud        Conj/Pois/Air  ####....     2%          3    None
d - Blink                 Tloc           N/A          6%          2    None
e - Recall                Summ/Tloc      N/A          7%          3    None
f - Aura of Abjuration    Summ           ####......   32%         5    ####...
g - Summon Demon          Summ           ####......   32%         5    ####...

Your spell library contained the following spells:

 Spells                   Type           Power        Failure   Level  Hunger
 Conjure Flame            Conj/Fire      ####....     2%          3    None
 Poisonous Vapours        Pois/Air       ###...       3%          2    None
 Slow                     Hex            ##......     9%          2    None
 Summon Forest            Summ/Tloc      ###.......   54%         5    ####...
 Summon Mana Viper        Hex/Summ       ###.....     58%         5    ####...
 Freezing Cloud           Conj/Ice/Air   ####......   83%         6    ######.
 Shadow Creatures         Summ           N/A          88%         6    ######.
 Ring of Flames           Chrm/Fire      ##........   100%        7    #######


Dungeon Overview and Level Annotations

Branches:
Dungeon (9/15)             Temple (1/1) D:5
   Lair: D:8-11         Orc: D:9-12

Altars:
Ashenzari
Cheibriados
Elyvilon
Fedhas
Hepliaklqana
Kikubaaqudgha
Makhleb
Nemelex Xobeh
Okawaru
Qazlal
Ru
Sif Muna
Trog
Uskayaw
Vehumet
Wu Jian
Xom
Yredelemnul
Zin
The Shining One

Shops:
D:5 =   D:8 [   D:9 *


Innate Abilities, Weirdness & Mutations

You are resistant to torment.
Your stone body is resilient. (AC +7)
You are immune to poison.
You resist negative energy. (rN+)
You are resistant to electric shocks. (rElec)
You can survive without breathing.
You are immune to petrification.
You are immune to rotting.


Message History

Your crimson imp hits the gnoll sergeant but does no damage.
The wyvern bites you but does no damage.
Casting: Call Imp (safe; 1% risk of failure)
Confirm with . or Enter, or press ? or * to list all spells.
Aiming: Magic Dart (safe; 1% risk of failure)
Press: ? - help, Shift-Dir - straight line, f - wyvern
Aim: a wyvern (heavily wounded)
The magic dart hits the wyvern.
The wyvern is severely wounded.
Your white imp barely misses the gnoll sergeant.
The wyvern bites you!
The gnoll sergeant completely misses you.
Your crimson imp blinks!
You closely miss the wyvern.
The wyvern is severely wounded.
The wyvern bites you!
* * * LOW HITPOINT WARNING * * *
Your white imp barely misses the gnoll sergeant.
The wyvern bites you!
You die...

÷.'...≈≈≈≈≈......##...###....#
≈≈'≈≈≈≈≈≈≈≈≈..........÷......#
..'...≈≈≈≈≈.......#...###....#
#.#.....≈≈........#...##.....#
#.#...............######.##.<#
#.#..........#......# #.##.#####
###..........#......# #.#.......
...........###.#....####.########
...........###..@........#
.......###......l#########
...#...[........g......
.....######....5§.##### .....#
#..)....# ....## #..5....# ....#
#..J5..## ....# #.#.#########.
....# #.#..J........


You could see a wyvern, a gnoll sergeant, a jelly, 2 friendly crimson imps and a
friendly white imp.

Vanquished Creatures
  3 hippogriffs
  12 yaks (D:9)
  A wyvern (D:9)
  Eustachio (D:4)
  3 orc warriors (D:8)
  An ice beast (D:9)
  4 sky beasts
  A necrophage (D:7)
  4 ogres
  An eye of draining (D:9)
  3 centaurs
  A big kobold (D:4)
  5 bullfrogs
  2 water moccasin zombies
  3 scorpions
  3 crimson imps
  A bullfrog zombie (D:7)
  A centaur zombie (D:7)
  3 hounds
  A jelly (D:7)
  2 orc priests (D:8)
  2 orc wizards
  2 bullfrog skeletons (D:5)
  2 iguanas
  A centaur skeleton (D:8)
  5 worker ants
  3 big kobold zombies (Ossuary)
  2 mummies (Ossuary)
  6 gnolls
  A howler monkey zombie (D:8)
  14 adders
  An adder skeleton (D:7)
  5 adder zombies
  4 worms
  A dart slug (D:3)
  8 leopard geckos
  20 orcs
  7 bats
  7 giant cockroaches
  8 goblins
  8 hobgoblins
  8 jackals
  10 quokkas
  4 ball pythons
  2 frilled lizards
  2 gnoll zombies (Ossuary)
  9 hobgoblin zombies (Ossuary)
  12 kobolds
  3 kobold zombies (Ossuary)
  2 orc zombies (Ossuary)
  9 rats
  A butterfly (D:3)
225 creatures vanquished.

Vanquished Creatures (collateral kills)
  A hungry ghost (D:9)
  An ogre (D:4)
  A bullfrog (D:9)
  A scorpion (D:5)
  A hound (D:5)
  2 gnolls (D:5)
  An orc (D:5)
  2 jackals (D:5)
10 creatures vanquished.

Vanquished Creatures (others)
  An ogre (D:7)
  A plant (D:4)
2 creatures vanquished.

Grand Total: 237 creatures vanquished

Notes
Turn   | Place    | Note
-------+----------+-------------------------------------------
     0 | D:1      | Raymar the Gargoyle Wizard began the quest for the Orb.
     0 | D:1      | Reached XP level 1. HP: 10/10 MP: 4/4
   208 | D:1      | Reached XP level 2. HP: 15/15 MP: 1/6
   791 | D:2      | Learned a level 2 spell: Call Imp
   792 | D:2      | Reached XP level 3. HP: 18/19 MP: 4/7
   798 | D:2      | Learned a level 3 spell: Mephitic Cloud
   826 | D:2      | Found a sacrificial altar of Ru.
  1004 | D:2      | Found a hazy altar of Hepliaklqana.
  1006 | D:2      | Found an iron altar of Okawaru.
  1306 | D:2      | Found a snail-covered altar of Cheibriados.
  1308 | D:2      | Found a basalt altar of Yredelemnul.
  1310 | D:2      | Found an ornate altar of the Wu Jian Council.
  1945 | D:3      | Found a shimmering altar of Xom.
  1952 | D:3      | Reached XP level 4. HP: 21/24 MP: 2/8
  2082 | D:3      | Reached skill level 1 in Summonings
  2100 | D:3      | Reached skill level 1 in Axes
  2204 | D:3      | Found a hide-covered altar of Uskayaw.
  2531 | D:3      | Reached XP level 5. HP: 28/28 MP: 6/9
  2931 | D:4      | Noticed an ogre
  2942 | D:4      | Killed an ogre
  3083 | D:4      | Noticed Eustachio
  3091 | D:4      | Killed Eustachio
  3091 | D:4      | Reached XP level 6. HP: 31/32 MP: 5/11
  3494 | D:4      | Reached skill level 5 in Conjurations
  3494 | D:4      | Reached XP level 7. HP: 12/36 MP: 13/13
  3869 | D:5      | Entered Level 5 of the Dungeon
  3914 | D:5      | Reached skill level 1 in Air Magic
  4355 | D:5      | Found a staircase to the Ecumenical Temple.
  4364 | Temple   | Entered the Ecumenical Temple
  4377 | Temple   | Became a worshipper of Sif Muna the Loreminder
  4639 | D:5      | Found Hiutusix's Jewellery Shoppe.
  4968 | D:5      | Reached skill level 5 in Spellcasting
  5002 | D:5      | Upgraded the game from 0.23.0-2-g0fe3ce5905 to
                  | 0.23.0-3-gf3c87f2df8
  5018 | D:5      | Reached XP level 8. HP: 33/41 MP: 8/15
  5171 | D:5      | Reached * piety under Sif Muna
  5683 | D:6      | Found a shattered altar of Ashenzari.
  5758 | D:6      | Reached skill level 1 in Poison Magic
  6360 | D:7      | Reached XP level 9. HP: 43/45 MP: 7/19
  6392 | D:7      | Reached ** piety under Sif Muna
  6573 | D:7      | Found a sand-covered staircase.
  6604 | Ossuary  | Entered an ossuary
  7094 | D:7      | Reached *** piety under Sif Muna
  7273 | D:7      | Learned a level 2 spell: Blink
  8216 | D:8      | Found Qioseme's Antique Armour Emporium.
  8223 | D:8      | Bought a glowing hat for 224 gold pieces
  8262 | D:8      | Reached XP level 10. HP: 43/50 MP: 7/22
  8807 | D:8      | Reached **** piety under Sif Muna
  9395 | D:9      | Reached skill level 10 in Conjurations
  9570 | D:9      | Reached ***** piety under Sif Muna
  9587 | D:9      | Received a gift from Sif Muna
  9692 | D:9      | Found Peniovan's General Store.
  9700 | D:9      | Bought a scroll of silence for 127 gold pieces
  9726 | D:9      | Reached skill level 10 in Spellcasting
  9958 | D:9      | Found a white marble altar of Elyvilon.
  9968 | D:9      | Learned a level 3 spell: Recall
  9988 | D:9      | Learned a level 5 spell: Aura of Abjuration
  9994 | D:9      | Learned a level 5 spell: Summon Demon
 10031 | D:9      | Slain by a wyvern

Skill      XL: |  1  2  3  4  5  6  7  8  9 10 |
---------------+-------------------------------+-----
Conjurations   | 2 3 4 5 6 7 9 10 | 10.3
Summonings     | 1 2 3 |  3.9
Axes           | 1 2 |  2.4
Spellcasting   | 4 5 7 8 10 | 10.0
Air Magic      | 1 2 |  2.7
Poison Magic   | 1 2 |  2.5
Throwing       | |  0.3
Dodging        | |  1.7
Stealth        | |  2.2
Translocations | |  0.8
Evocations     | |  0.5

Action                   |  1- 3 |  4- 6 |  7- 9 | 10-12 || total
-------------------------+-------+-------+-------+-------++-------
Melee: Whip              |    39 |       |       |       ||    39
       War axe           |     4 |    61 |   235 |    58 ||   358
       Flail             |       |       |       |     7 ||     7
Throw: Tomahawk          |       |     3 |       |       ||     3
 Cast: Magic Dart        |    76 |    59 |   332 |   108 ||   575
       Mephitic Cloud    |     1 |     3 |    17 |    14 ||    35
       Call Imp          |       |     3 |     8 |    17 ||    28
Evoke: Wand              |       |     2 |       |       ||     2
  Use: Scroll            |     4 |     4 |    11 |     3 ||    22
       Potion            |       |       |       |     1 ||     1
 Stab: Confused          |       |       |     3 |     1 ||     4
       Sleeping          |       |       |     2 |       ||     2
       Distracted        |       |       |       |     1 ||     1
  Eat: Chunk             |     2 |     1 |    11 |     5 ||    19
       Ration            |       |     1 |     2 |       ||     3
Armor: Robe              |    24 |    29 |   192 |    61 ||   306
Dodge: Dodged            |    60 |    55 |   236 |    69 ||   420
Block: Other             |       |       |       |     8 ||     8
